 Dungeon Crawl Stone Soup version 0.29.1-1-gd02db6906a (webtiles) character file.

Game seed: 13605786469997360731

126 Zeld the Chopper (level 4, 0/41 HPs)
             Began as a Minotaur Berserker on Oct 9, 2022.
             Was a Believer of Trog.
             Slain by Natasha (6 damage)
             ... on level 3 of the Dungeon.
             The game lasted 00:01:45 (2488 turns).

Zeld the Chopper (Minotaur Berserker)               Turns: 2488, Time: 00:01:46

Health: 0/41       AC:  2    Str: 24    XL:     4   Next: 83%
Magic:  3/3        EV: 12    Int:  4    God:    Trog [**....]
Gold:   96         SH:  0    Dex:  9    Spells: 3/3 levels left

rFire   . . .      SeeInvis .   a - +0 hand axe
rCold   . . .      Faith    .   s - orb {light}
rNeg    . . .      Spirit   .   b - +0 animal skin
rPois   .          Reflect  .   (helmet restricted)
rElec   .          Harm     .   (no cloak)
rCorr   .          Rampage  .   (no gloves)
Will    .....                   (no boots)
Stlth   +.........              (no amulet)
HPRegen 0.13/turn               (no ring)
MPRegen 0.08/turn               (no ring)

@: slowed, glowing, very slow
A: horns 2, retaliatory headbutt
a: Renounce Religion, Berserk, Trog's Hand


You were on level 3 of the Dungeon.
You worshipped Trog.
Trog was pleased with you.
You visited 1 branch of the dungeon, and saw 3 of its levels.

You collected 96 gold pieces.

Inventory:

Hand Weapons
 a - a +0 hand axe (weapon)
Missiles
 k - 4 javelins
 m - 4 poisoned darts
Armour
 b - a +0 animal skin (worn)
 s - an orb of light (worn)
Scrolls
 c - 2 scrolls of vulnerability {unknown}
 d - a scroll of blinking {unknown}
 f - a scroll of silence {unknown}
 g - a scroll of teleportation {unknown}
 i - a scroll of fear {unknown}
 l - a scroll of acquirement {unknown}
 o - 3 scrolls of identify {unknown}
 q - 4 scrolls of enchant armour {unknown}
 u - a scroll of fog {unknown}
 v - 2 scrolls of noise {unknown}
 w - a scroll of enchant weapon {unknown}
Potions
 e - a potion of degeneration {unknown}
 h - 3 potions of mutation {unknown}
 j - a potion of flight {unknown}
 n - a potion of cancellation {unknown}
 p - 2 potions of lignification {unknown}
 r - a potion of brilliance {unknown}
 t - a potion of experience {unknown}
 x - 2 potions of curing {unknown}


   Skills:
 + Level 4.4 Fighting
 * Level 5.1 Axes
 + Level 3.4 Armour
 + Level 3.1 Dodging


You had 3 spell levels left.
You didn't know any spells.
Your spell library was empty.

Dungeon Overview and Level Annotations

Branches:
Dungeon (3/15)

Altars:

Shops:
D:2 :

Annotations:
D:3 Natasha


Innate Abilities, Weirdness & Mutations

You have a pair of horns on your head.
You reflexively headbutt those who attack you in melee.


Message History

Natasha barely misses you.
You hit Natasha but do no damage. You headbutt Natasha.
Natasha is lightly wounded.
Natasha claws you. Natasha closely misses you.
You barely miss Natasha. You headbutt Natasha!
Natasha is severely wounded.
Natasha claws you.
You barely miss Natasha.
Natasha is severely wounded.
You hit the rat.
You kill the rat!
Trog accepts your kill. Natasha claws you!
Natasha extends her claws.
Natasha closely misses you.
You barely miss Natasha.
Natasha is severely wounded.
Natasha claws you. Natasha barely misses you.
Unknown command.
You are too injured to fight recklessly!
You completely miss Natasha.
Natasha is severely wounded.
Natasha closely misses you.
Natasha is nearby!
Unknown command.
You are too injured to fight recklessly!
You barely miss Natasha.
Natasha is severely wounded.
Natasha closely misses you. x2
You barely miss Natasha.
Natasha is severely wounded.
Natasha claws you!
* * * LOW HITPOINT WARNING * * *
Unknown command.
You barely miss Natasha.
Natasha is severely wounded.
Natasha claws you.
* * * LOW HITPOINT WARNING * * *
Natasha claws you.
You die...

#.# #.# #..# .### ###.#
#.# #..# #...# #.# #...
... #.### #.# #..# ###
#.# #.#
#############.###
##.####
#..<.....##.....#
##......
#.######.##.....###...##
#.# #.......h@†.....#
#.# ####.....###.#.##
#.# ##.###.####..# #.#
#.## ##.# ##.# #.# #.#
#.# #.# #.#
#####.#####.# #.# #.#
#.......##.## #.# #.#
#.#####....# #.#
#.####.#####.##.# #.#


You could see Natasha.

Vanquished Creatures
  Natasha (D:3)
  Robin (D:3)
  4 gnolls (D:3)
  A worm (D:2)
  A dart slug (D:3)
  4 ball pythons
  3 endoplasms
  7 goblins
  8 hobgoblins
  4 kobolds
  A quokka (D:2)
  4 bats
  2 frilled lizards
  5 rats
46 creatures vanquished.

Notes
Turn   | Place    | Note
-------+----------+-------------------------------------------
     0 | D:1      | Zeld the Minotaur Berserker began the quest for the Orb.
     0 | D:1      | Reached XP level 1. HP: 19/19 MP: 0/0
    42 | D:1      | Found a faded altar of an unknown god.
   183 | D:1      | Reached XP level 2. HP: 27/27 MP: 1/1
   219 | D:1      | Reached skill level 4 in Axes
  1022 | D:2      | Identified the +9 dagger "Xuagomm" {venom, Dex+5}
  1039 | D:2      | Reached ** piety under Trog
  1071 | D:2      | Found Enoexkug's Book Boutique.
  1115 | D:2      | Reached XP level 3. HP: 30/33 MP: 2/2
  1860 | D:3      | Reached XP level 4. HP: 14/40 MP: 3/3
  2113 | D:3      | Noticed Natasha
  2121 | D:3      | Killed Natasha
  2122 | D:3      | Reached skill level 5 in Axes
  2408 | D:3      | Noticed Robin
  2415 | D:3      | Killed Robin
  2477 | D:3      | Noticed Natasha
  2488 | D:3      | Slain by Natasha

Illustrated notes

Levels and vault maps discovered:
D:1:      kennysheep_arrival_forest, layout_loops_cross, basic_ecumenical_altar
D:2:      layout_loops_ring, serial_shops, nicolae_shop_waterfront,
          minmay_crystal_room
D:3:      layout_loops_ring, uniq_natasha, uniq_robin

Skill      XL: |  1  2  3  4 |
---------------+-------------+-----
Axes           | 4 5 |  5.1
Fighting       | 4 |  4.4
Armour         | 3 |  3.4
Dodging        | 3 |  3.1

Action                   |  1- 3 |  4- 6 || total
-------------------------+-------+-------++-------
Melee: Hand axe          |    64 |    33 ||    97
       Headbutt          |     8 |     7 ||    15
Armor: Animal skin       |     8 |     3 ||    11
Dodge: Dodged            |    40 |    22 ||    62
